Construct Section Command Post
Selects Australian Defense Battlegroup
Selects Australian Light Infantry Section
Selects 2-pounder Anti-tank Gun Team
Australian Light Infantry Section
2-pounder Anti-tank Gun Team
Construct Field Infirmary
Construct Platoon Command Post
Unlock M3 Stuart Light Tanks
Selects Vehicle Over Repair
2-pounder Anti-tank Gun Team
Construct Company Command Post
Construct Field Infirmary
2-pounder Anti-tank Gun Team
Selects CMP 15cwt Supply Run
Selects Reinforced Resource Caches
Selects Archer Tank Destroyer